 Dungeon Crawl Stone Soup version 0.31-a0-523-g071a6c1ffa (console) character file.

Game seed: 16889721790975590163

59 Lexodia the Sneak (level 3, -2/19 HPs)
             Began as a Vampire Enchanter on Aug 11, 2023.
             Slain by a gnoll
             ... wielding a +0 flail
              (11 damage)
             ... on level 2 of the Dungeon.
             The game lasted 00:03:49 (1533 turns).

Lexodia the Sneak (Vampire Enchanter)               Turns: 1533, Time: 00:03:49

Health: -2/19      AC:  2    Str:  7    XL:     3   Next: 78%
Magic:  1/6        EV: 13    Int: 17    God:
Gold:   30         SH:  0    Dex: 22    Spells: 4/6 levels left

rFire   . . .        n - +2 dagger (venom)
rCold   + + .        (no shield)
rNeg    + + +        b - +0 robe
rPois   ∞            (no helmet)
rElec   .            (no cloak)
rCorr   .            (no gloves)
SInv    +            (no boots)
Will    .....        a - amulet of regeneration
Stlth   ++++++       j - +6 ring of dexterity
HPRegen 0.00/turn    (no ring)
MPRegen 0.10/turn

%: no passive effects
@: bloodless, inhibited regen
A: bloodless, fangs 3, see invisible, vampiric 2
a: Bat Form, Revivify


You were on level 2 of the Dungeon.
You visited 1 branch of the dungeon, and saw 2 of its levels.

You collected 30 gold pieces.

Inventory:

Hand Weapons
 n - a +2 dagger of venom (weapon)
Armour
 b - a +0 robe (worn)
Jewellery
 a - an amulet of regeneration (around neck)
 j - a +6 ring of dexterity (left hand)
Scrolls
 e - a scroll of teleportation {unknown}
 h - a scroll of brand weapon {unknown}
 i - a scroll of torment {unknown}
 k - a scroll of enchant armour {unknown}
 l - 3 scrolls of identify {unknown}
 m - 2 scrolls of revelation {unknown}
Potions
 c - 2 potions of invisibility
 d - a potion of lignification {unknown}
 f - a potion of curing {unknown}
 g - 2 potions of heal wounds {unknown}


   Skills:
 + Level 3.1 Short Blades
 - Level 2.1 Dodging
 + Level 5.9 Stealth
 - Level 2.0 Spellcasting
 - Level 4.4 Hexes


You had 4 spell levels left.
You knew the following spells:

 Your Spells              Type           Power      Damage    Failure   Level
a - Ensorcelled Hibernat  Hex/Ice        18%        N/A       12%         2

Your spell library contained the following spells:

 Spells                   Type           Power      Damage    Failure   Level
 Confusing Touch          Hex            16%        N/A       10%         3
 Tukima's Dance           Hex            16%        N/A       10%         3
 Dazzling Flash           Conj/Hex       18%        N/A       24%         3


Dungeon Overview and Level Annotations

Branches:
Dungeon (2/15)

Altars:

Shops:
D:1 =   D:2 [


Innate Abilities, Weirdness & Mutations

You do not regenerate when monsters are visible.
You are frail without blood (-20% HP).
You can heal yourself when you bite living creatures.
You are immune to poison.
You have razor-sharp teeth.
You have supernaturally acute eyesight. (SInv)
You are afflicted with vampirism and can become a bat while bloodless.


Message History

Confirm with . or Enter, or press ? or * to list all spells.
Aiming: Ensorcelled Hibernation (safe; 12% risk of failure)
Press: ? - help, Shift-Dir - straight line, f - gnoll
Aim: a gnoll, wielding a +0 whip (chance to affect: 51%)
The gnoll looks drowsy...
The helpless gnoll fails to defend itself.
You bite the gnoll, and draw its blood! You impale the gnoll!!
You kill the gnoll!
Casting: Ensorcelled Hibernation (safe; 12% risk of failure)
Confirm with . or Enter, or press ? or * to list all spells.
Aiming: Ensorcelled Hibernation (safe; 12% risk of failure)
Press: ? - help, Shift-Dir - straight line, f - gnoll
Aim: a gnoll, wielding a +0 whip (chance to affect: 51%)
The gnoll looks drowsy...
The helpless gnoll fails to defend itself.
You bite the gnoll, and draw its blood! You skewer the gnoll like a kebab!!!
You kill the gnoll!
Casting: Ensorcelled Hibernation (safe; 12% risk of failure)
Confirm with . or Enter, or press ? or * to list all spells.
Aiming: Ensorcelled Hibernation (safe; 12% risk of failure)
Press: ? - help, Shift-Dir - straight line, f - gnoll
Aim: a gnoll, wielding a +1 heavy flail (chance to affect: 51%)
The gnoll looks drowsy...
The helpless gnoll fails to defend itself.
You bite the gnoll, and draw its blood! You spit the gnoll like a pig!!!
You kill the gnoll!
Your Short Blades skill increases to level 3!
Okay, then.
Unknown command.
The gnoll attacks as you move away! The gnoll hits you with a +0 flail!
Ouch! That really hurt!
Huge Dmg: -63%(-12hp) hp: 37%(7hp)
Okay, then.
Okay, then.
You hit the gnoll.
The gnoll is poisoned.
You bite the gnoll.
You draw the gnoll's blood!
You feel better.
The gnoll is heavily wounded.
The gnoll hits you with a +0 flail!
Ouch! That really hurt!
You die...

#.###...# ##.### #######...#
#...# #......##)# #...#
#.####)##.# #...#
####.####.##.# #...#
###............# #...######
#......#..#.##g#######...#..)##
#......#..#.##@#...............
#......#..#....................
#.....##.......................
#.....##........#####...<#...##
###......†.###..# #....#.####
########.#....# #....#.# #
#.#.##.# ##....#.# #.#.##.#
##.......# #......###......###


You could see a gnoll (very poisoned).

Vanquished Creatures
  3 gnolls (D:2)
  A worm (D:2)
  2 endoplasms (D:1)
  A goblin (D:1)
  2 hobgoblins (D:1)
  4 kobolds
  A quokka (D:2)
  3 ball pythons
  4 bats
  3 frilled lizards
  7 rats
31 creatures vanquished.

Notes
Turn   | Place    | Note
-------+----------+-------------------------------------------
     0 | D:1      | Lexodia the Vampire Enchanter began the quest for the Orb.
     0 | D:1      | Reached XP level 1. HP: 13/13 MP: 3/3
    42 | D:1      | Huge Dmg: 3 dmg
   370 | D:1      | Reached XP level 2. HP: 14/15 MP: 5/5
   380 | D:1      | Learned a level 2 spell: Ensorcelled Hibernation
   399 | D:1      | Found Jiluer's Jewellery Emporium.
   450 | D:1      | Reached skill level 5 in Stealth
  1173 | D:2      | Huge Dmg: 3 dmg
  1316 | D:2      | Found Ithryfan's Antique Armour Shop.
  1498 | D:2      | Gained mutation: You are afflicted with vampirism and can
                  | become a bat while bloodless. [Vampire growth]
  1498 | D:2      | Reached XP level 3. HP: 19/19 MP: 6/6
  1532 | D:2      | Huge Dmg: 12 dmg
  1533 | D:2      | Slain by a gnoll

Illustrated notes

Levels and vault maps discovered:
D:1:      onia_arrival_mini_maze, layout_basic, serial_shops,
          nicolae_shop_stone, dreamdust_mushroom_princess, minmay_tromino_mix6
D:2:      layout_loops_cross, serial_shops, shop, uniq_sigmund

Skill      XL: |  1  2  3 |
---------------+----------+-----
Short Blades   | 2 3 |  3.1
Stealth        | 5 |  5.9
Dodging        | |  2.1
Spellcasting   | |  2.0
Hexes          | |  4.4

Action                     || total
---------------------------++-------
  Melee: Dagger            ||    42
         Bite              ||     3
   Cast: Ensorcelled Hiber ||     4
Ability: Exsanguinate      ||     1
   Stab: Sleeping          ||    21
  Dodge: Dodged            ||    10

Table legend: (Time is in decaauts)
 A = Elapsed time spent in this place.
 B = Non-inter-level travel time spent in this place.
 C = Inter-level travel time spent in this place.
 D = Time resting spent in this place.
 E = Time spent auto-exploring this place.
 F = Levels seen in this place.
 G = Mean time per level.
                   A        B        C        D        E       F      G
               +--------+--------+--------+--------+--------+-----+--------+
         Total |   1527 |   1490 |     37 |      0 |   1268 |   2 |  763.5 |
       Dungeon |   1527 |   1490 |     37 |      0 |   1268 |   2 |  763.5 |
               +--------+--------+--------+--------+--------+-----+--------+

Top non-repeatable levels by time:
     D:1: 1150 daAuts
     D:2: 377 daAuts
